 Seeded DCSS version 0.30-a0-297-g0ec75d9ef4 (webtiles) character file.

Game seed: 5611449217986868903 (custom seed)

26695 Iusername the Severer (level 13, -26/123 HPs)
             Began as a Minotaur Fighter on Oct 19, 2022.
             Was an Initiate of Gozag.
             Annihilated by a death yak simulacrum (28 damage)
             ... on level 3 of the Lair of Beasts.
             The game lasted 00:26:50 (16103 turns).

Iusername the Severer (Minotaur Fighter)           Turns: 16103, Time: 00:26:51

Health: -26/123    AC: 27    Str: 25    XL:     13   Next: 0%
Magic:  12/12      EV:  7    Int:  9    God:    Gozag
Gold:   2068       SH: 11    Dex: 20    Spells: 12/12 levels left

rFire   . . .      SeeInvis .    q - +6 broad axe
rCold   . . .      Faith    .    k - +3 warlock's mirror {reflect}
rNeg    . . .      Spirit   .    I - +1 plate armour
rPois   .          Reflect  +    (helmet restricted)
rElec   +          Harm     .    z - +0 cloak
rCorr   .          Rampage  .    a - +0 pair of gloves {Dex+3}
Will    +....                    C - +1 pair of boots of Beadits {+Blink rElec}
Stlth   ..........               E - amulet of the acrobat
HPRegen 0.40/turn                b - ring "Ryclick" {Will+ Int+4 Dex+6}
MPRegen 0.13/turn                B - +4 ring of protection

@: frozen, studying Axes, very slow
A: horns 2, retaliatory headbutt
a: Renounce Religion, Evoke Blink, Potion Petition, Call Merchant, Bribe Branch


You were on level 3 of the Lair of Beasts.
You worshipped Gozag.
Gozag was most pleased with you.
You visited 2 branches of the dungeon, and saw 14 of its levels.
You also visited: Sewer and Bailey.

You collected 3686 gold pieces.
You paid 1618 gold pieces to Gozag.

Inventory:

Hand Weapons
 q - a +6 broad axe (weapon)
Missiles
 o - 32 boomerangs (quivered)
 y - 3 throwing nets
Armour
 a - a +0 pair of gloves of dexterity (worn)
 k - the +3 warlock's mirror (worn) {reflect}
   (You acquired it on level 8 of the Dungeon)

   It can block and reflect piercing ranged attacks and magical attacks against
   the wielder's willpower.
 z - a +0 cloak (worn)
 C - the +1 pair of boots of Beadits (worn) {+Blink rElec}
   (You acquired it in a sewer)

   rElec:     It insulates you from electricity.
   +Blink:    It lets you blink.
 I - a +1 plate armour (worn)
Jewellery
 b - the ring "Ryclick" (left hand) {Will+ Int+4 Dex+6}
   (You acquired it in a bailey)

   [ring of dexterity]

   Int:       It affects your intelligence (+4).
   Dex:       It affects your dexterity (+6).
   Will:      It increases your willpower.
 e - a ring of wizardry
 B - a +4 ring of protection (right hand)
 E - an amulet of the acrobat (around neck)
 K - a ring of ice
 L - a ring of see invisible
 M - a +4 ring of evasion
Wands
 c - a wand of roots (5)
 x - a wand of mindburst (2)
 F - a wand of digging (6)
 H - a wand of paralysis (12)
 Q - a wand of flame (10)
Scrolls
 d - 2 scrolls of amnesia
 f - 4 scrolls of teleportation
 g - 2 scrolls of vulnerability
 m - a scroll of blinking
 p - 4 scrolls of fear
 s - 2 scrolls of identify
 G - a scroll of butterflies
 N - a scroll of enchant armour
 P - a scroll of enchant weapon
Potions
 h - a potion of resistance {unknown}
 i - 4 potions of lignification
 l - 9 potions of curing
 n - 3 potions of attraction
 r - 2 potions of might
 t - 3 potions of mutation
 u - 4 potions of brilliance
 v - 2 potions of degeneration
 w - a potion of heal wounds
 A - 8 potions of invisibility
 D - 2 potions of magic
 J - a potion of cancellation
 O - 2 potions of flight {unknown}
Miscellaneous
 j - a phial of floods


   Skills:
 + Level 13.7 Fighting
 + Level 16.0 Axes
 + Level 13.7 Armour
 + Level 13.7 Shields


You had 12 spell levels left.
You didn't know any spells.
Your spell library contained the following spells:

 Spells                   Type           Power      Damage    Failure   Level
 Necrotise                Necr           0%         1d4       98%         1
 Shock                    Conj/Air       0%         1d3       98%         1
 Slow                     Hex            0%         N/A       98%         1
 Confusing Touch          Hex            0%         N/A       100%        3
 Dazzling Flash           Conj/Hex       0%         N/A       100%        3
 Ozocubu's Armour         Ice            0%         N/A       100%        3
 Swiftness                Air            0%         N/A       100%        3
 Vampiric Draining        Necr           0%         2d6       100%        3
 Airstrike                Air            0%         2d(0-16)  100%        4
 Animate Armour           Summ/Erth      0%         N/A       100%        4
 Cause Fear               Hex            0%         N/A       100%        4
 Agony                    Necr           0%         N/A       100%        5
 Blade Hands              Tmut           0%         N/A       100%        5
 Borgnjor's Vile Clutch   Necr/Erth      0%         N/A       100%        5
 Metabolic Englaciation   Hex/Ice        0%         N/A       100%        5
 Silence                  Hex/Air        0%         N/A       100%        5
 Death Channel            Necr           0%         N/A       100%        6
 Iron Shot                Conj/Erth      0%         9d1       100%        6
 Dragon Form              Tmut           0%         N/A       100%        7
 Dragon's Call            Summ           0%         N/A       100%        9
 Animate Dead             Necr           Unusable   N/A       N/A         4
 Simulacrum               Ice/Necr       Unusable   N/A       N/A         6

Dungeon Overview and Level Annotations

Branches:
Dungeon (11/15)            Temple (0/1) D:6            Lair (3/5) D:11
  Swamp (0/4) Lair:2       Spider (0/4) Lair:3          Orc (0/2) D:11
  Sewer (visited)          Bailey (visited)

Altars:
Elyvilon
Gozag
Makhleb
Okawaru
Qazlal
Ru
Sif Muna
Trog
Uskayaw
Vehumet
Xom

Shops:
D:6 (   Lair:1 (

Annotations:
D:11 3 transporters


Innate Abilities, Weirdness & Mutations

You have a pair of horns on your head.
You reflexively headbutt those who attack you in melee.


Message History

Done waiting.
You now have 2063 gold pieces (gained 21).
There is a stone staircase leading down, spattered with blood here.
You now have 2068 gold pieces (gained 5).
There is a stone staircase leading down, spattered with blood here.
You climb downwards.
The blink frog simulacrum hits you but does no damage.
You block the blink frog simulacrum's attack.
The death yak simulacrum gores you but does no damage.
The blink frog simulacrum barely misses you.
You furiously retaliate!
You headbutt the blink frog simulacrum!
You block the blink frog simulacrum's attack.
You block the elephant simulacrum's attack.
The elephant simulacrum trunk-slaps you but does no damage.
There is a stone staircase leading up, spattered with blood here.
Aiming: Throw Flame
Press: ? - help, Shift-Dir - straight line, f - death yak simulacrum
Aim: a death yak simulacrum (100% to hit)
Your target is gone.
The puff of flame hits the death yak simulacrum.
The death yak simulacrum melts!
The death yak simulacrum is lightly damaged.
The blink frog simulacrum hits you but does no damage.
The blink frog simulacrum hits you! The blink frog simulacrum freezes you!
The death yak simulacrum gores you! The death yak simulacrum freezes you!!
You block the elephant simulacrum's attack. x2
The blink frog simulacrum hits you. The blink frog simulacrum freezes you!
The blink frog simulacrum hits you but does no damage.
The rime drake breathes ice at you. The flash freeze hits you!!
* * * LOW HITPOINT WARNING * * *
You are encased in ice.
The ice dragon breathes frost at you. The blast of cold hits you!
* * * LOW HITPOINT WARNING * * *
The death yak simulacrum gores you!
* * * LOW HITPOINT WARNING * * *
The death yak simulacrum freezes you!!
You die...
Your body crumbles into a pile of gold.

##+###.##.#..# ...?.##..#..###..P
#P.######.##..##!!###...#.#.....♣
##..# ##..#...####....##...[#...
#..### #.#.##..........#.........
##...####...#.........##.........
##..#.###..##.....k.##..#.......
#....##....###'''###...#....... #
#.##.###.....ZDk...............
###.##.###...PP.@Z........#......
.............#.Z.Z........#......
#P.##...#................##......
######P.###.#.#.....P....##..<...
##..##########P#P#########.. ####
#..## ##### #... ##.####.# ###...
#.......# #.#... ........##
#####.....


You could see an ice dragon (catching breath), 2 rime drakes, a death yak
simulacrum, an elephant simulacrum and 2 blink frog simulacra.

Vanquished Creatures
  An orc warlord (Bailey)
  The ghost of lunkers the Basher, a journeyman MeWn of Trog (Lair:2)
  6 hydras
  A boulder beetle (Lair:3)
  A two-headed ogre (D:11)
  An orc knight (D:11)
  A deep elf pyromancer (D:11)
  Pikel (D:4)
  A cyclops (D:10)
  3 ugly things
  3 black mambas
  A torpor snail (Lair:3)
  2 cane toads (Lair:2)
  Maggie (D:7)
  3 rime drakes (Lair:2)
  4 komodo dragons
  2 trolls
  A polar bear (Lair:1)
  3 blink frogs (Lair:3)
  A wyvern (D:9)
  29 yaks
  Grum (D:8)
  4 basilisks
  A steam dragon (D:7)
  Menkaure (D:7)
  2 swamp worms (D:8)
  7 water moccasins
  4 black bears
  2 ice beasts
  8 orc warriors
  19 wolves
  2 ogres
  3 centaurs
  2 lemures (D:4)
  A phantom (D:5)
  6 bullfrogs
  7 kobold brigands
  A gnoll sergeant (D:10)
  4 scorpions
  8 wights
  4 killer bees (D:8)
  6 electric eels (Lair:3)
  A howler monkey (D:6)
  A jelly (D:5)
  4 orc priests (D:11)
  3 hounds
  Crazy Yiuf (D:4)
  A gnoll bouda (D:7)
  6 iguanas
  Ijyb (D:4)
  A scorpion zombie (D:3)
  4 orc wizards
  2 hell rats (Lair:1)
  A hound zombie (D:3)
  Robin (D:4)
  10 adders
  12 gnolls
  7 river rats (Lair:1)
  A white imp (D:7)
  An ufetubus (D:7)
  An adder skeleton (D:3)
  An adder zombie (D:3)
  3 worms
  2 dart slugs
  30 orcs
  8 endoplasms
  5 giant cockroaches
  13 hobgoblins
  7 quokkas
  10 ball pythons
  2 ball python zombies (D:3)
  7 bats
  5 frilled lizards
  15 goblins
  65 kobolds
  16 rats
408 creatures vanquished.

Vanquished Creatures (others)
  31 fungi
  49 plants
  A withered plant (D:3)
81 creatures vanquished.

Grand Total: 489 creatures vanquished

Notes
Turn   | Place    | Note
-------+----------+-------------------------------------------
     0 | D:1      | Iusername the Minotaur Fighter began the quest for the Orb.
     0 | D:1      | Reached XP level 1. HP: 19/19 MP: 0/0
   131 | D:1      | Reached XP level 2. HP: 27/27 MP: 1/1
   775 | D:2      | Reached skill level 3 in Axes
   778 | D:2      | Reached XP level 3. HP: 30/33 MP: 2/2
   922 | D:2      | Found an opulent altar of Gozag.
   955 | D:2      | Became a worshipper of Gozag Ym Sagoz the Greedy
  1135 | D:3      | Reached XP level 4. HP: 36/40 MP: 3/3
  1508 | D:3      | Reached XP level 5. HP: 44/47 MP: 4/4
  1529 | D:3      | Found an iron altar of Okawaru.
  1812 | D:4      | Reached skill level 4 in Axes
  1836 | D:4      | Noticed Robin
  1844 | D:4      | Killed Robin
  1877 | D:4      | Noticed a centaur
  1885 | D:4      | Killed a centaur
  1886 | D:4      | Reached skill level 5 in Fighting
  1886 | D:4      | Reached skill level 5 in Armour
  1886 | D:4      | Reached skill level 5 in Shields
  1886 | D:4      | Reached XP level 6. HP: 21/56 MP: 5/5
  2316 | D:4      | Noticed Ijyb
  2323 | D:4      | Killed Ijyb
  2600 | D:4      | Noticed Pikel
  2622 | D:4      | Killed Pikel
  2623 | D:4      | Reached skill level 5 in Axes
  2623 | D:4      | Reached XP level 7. HP: 44/63 MP: 6/6
  2813 | D:4      | Found a runed translucent door.
  2814 | D:4      | Noticed Crazy Yiuf
  3420 | D:4      | Killed Crazy Yiuf
  3685 | D:5      | Entered Level 5 of the Dungeon
  3737 | D:5      | Reached skill level 6 in Axes
  3737 | D:5      | Reached XP level 8. HP: 59/71 MP: 7/7
  4352 | D:6      | Reached skill level 7 in Axes
  4466 | D:6      | Found a staircase to the Ecumenical Temple.
  4525 | D:6      | Found a burning altar of Makhleb.
  4594 | D:6      | Found a glowing drain.
  4609 | D:6      | Reached XP level 9. HP: 34/81 MP: 8/8
  4628 | D:6      | Found Vyluwaul's Antique Weapon Shoppe.
  4758 | Sewer    | Entered a sewer
  5004 | Sewer    | Identified a scroll of acquirement
  5004 | Sewer    | Acquired the +1 pair of boots of Beadits {+Blink rElec}
  5908 | D:7      | Noticed Maggie
  5924 | D:7      | Killed Maggie
  6360 | D:7      | Reached skill level 8 in Axes
  6426 | D:7      | Found a sacrificial altar of Ru.
  6448 | D:7      | Found a radiant altar of Vehumet.
  6693 | D:7      | Noticed Menkaure
  6700 | D:7      | Killed Menkaure
  6795 | D:7      | Found a hide-covered altar of Uskayaw.
  7238 | D:8      | Found an opulent altar of Gozag.
  7255 | D:8      | Found a shimmering blue altar of Sif Muna.
  7284 | D:8      | Noticed Grum
  7296 | D:8      | Noticed a moth of wrath
  7308 | D:8      | Killed Grum
  7344 | D:8      | Reached skill level 9 in Axes
  7347 | D:8      | Reached XP level 10. HP: 24/91 MP: 9/9
  8105 | D:8      | Found a bloodstained altar of Trog.
  8152 | D:8      | Acquired the +3 warlock's mirror {reflect}
  8152 | D:8      | Found the +3 warlock's mirror {reflect}
  8781 | D:9      | Noticed a purple ugly thing
  8784 | D:9      | Found a shimmering altar of Xom.
  8794 | D:9      | Killed a purple ugly thing
  8795 | D:9      | Reached skill level 10 in Fighting
  8795 | D:9      | Reached skill level 10 in Armour
  8795 | D:9      | Reached skill level 10 in Shields
  9061 | D:9      | Found a stormy altar of Qazlal.
  9327 | D:10     | Entered Level 10 of the Dungeon
  9396 | D:10     | Noticed a cyclops
  9401 | D:10     | Killed a cyclops
  9431 | D:10     | Reached skill level 10 in Axes
  9504 | D:10     | Acquired a manual of Axes
  9571 | D:10     | Found a flagged portal.
  9604 | Bailey   | Entered a bailey
  9609 | Bailey   | Noticed an orc warlord
  9912 | Bailey   | Found a runed translucent gate.
  9914 | Bailey   | Found a runed translucent gate.
  9916 | Bailey   | Found a runed translucent gate.
 10035 | Bailey   | Killed an orc warlord
 10192 | Bailey   | Acquired the ring "Ryclick" {Will+ Int+4 Dex+6}
 10207 | D:10     | Reached skill level 11 in Axes
 10207 | D:10     | Reached XP level 11. HP: 90/101 MP: 10/10
 10496 | D:10     | Found a white marble altar of Elyvilon.
 10615 | D:11     | Noticed a two-headed ogre
 10627 | D:11     | Killed a two-headed ogre
 10745 | D:11     | Found a staircase to the Lair.
 10883 | D:11     | Reached skill level 12 in Axes
 10933 | D:11     | Noticed a white ugly thing
 10950 | D:11     | HP: 4/102 [white ugly thing (33)]
 10954 | D:11     | Killed a white ugly thing
 11224 | D:11     | Noticed a deep elf pyromancer
 11229 | D:11     | Killed a deep elf pyromancer
 11322 | D:11     | Noticed a white ugly thing
 11334 | D:11     | Killed a white ugly thing
 11675 | D:11     | Found a staircase to the Orcish Mines.
 11676 | D:11     | Noticed an orc knight
 11696 | D:11     | Killed an orc knight
 11921 | D:11     | Found a transporter.
 11923 | D:11     | Found a transporter.
 11927 | D:11     | Found a transporter.
 12016 | D:11     | Found a transporter.
 12226 | Lair:1   | Entered Level 1 of the Lair of Beasts
 12276 | Lair:1   | Reached skill level 13 in Axes
 12564 | Lair:1   | Reached XP level 12. HP: 112/112 MP: 11/11
 12577 | Lair:1   | Identified the +2 short sword of Gistuwn {antimagic, rElec
                  | Str+4}
 13069 | Lair:2   | Noticed a six-headed hydra
 13078 | Lair:2   | Killed a ten-headed hydra
 13079 | Lair:2   | Reached skill level 14 in Axes
 13164 | Lair:2   | Noticed a five-headed hydra
 13165 | Lair:2   | Noticed a four-headed hydra
 13172 | Lair:2   | Killed an eight-headed hydra
 13174 | Lair:2   | Noticed a four-headed hydra
 13180 | Lair:2   | Killed a nine-headed hydra
 13193 | Lair:2   | Killed a ten-headed hydra
 13626 | Lair:2   | Reached skill level 15 in Axes
 14083 | Lair:2   | Noticed a five-headed hydra
 14094 | Lair:2   | Killed a 12-headed hydra
 14276 | Lair:2   | Found a staircase to the Swamp.
 14737 | Lair:3   | Found a runed translucent gate.
 14738 | Lair:3   | Found a runed translucent gate.
 14747 | Lair:3   | Noticed a four-headed hydra
 14756 | Lair:3   | Killed an 11-headed hydra
 14980 | Lair:3   | Noticed an ice dragon
 14980 | Lair:3   | Noticed lunkers's ghost (journeyman MeWn)
 15154 | Lair:3   | Found a hole to the Spider Nest.
 15238 | Lair:3   | Noticed a boulder beetle
 15257 | Lair:3   | Killed a boulder beetle
 15266 | Lair:3   | Found a runed translucent gate.
 15793 | Lair:2   | Killed lunkers's ghost
 15794 | Lair:2   | Reached skill level 16 in Axes
 15794 | Lair:2   | Reached XP level 13. HP: 84/123 MP: 12/12
 16103 | Lair:3   | HP: 2/123 [death yak simulacrum (7)]
 16103 | Lair:3   | Annihilated by a death yak simulacrum

Illustrated notes

Levels and vault maps discovered:
D:1:      dpeg_arrival_chambers_temple_mockup, layout_basic, nrook_uturn
D:2:      layout_rooms, basic_altar
D:3:      layout_loops_cross, okawaru_altar_gauntlet_db, serial_undead,
          serial_undead_b, serial_undead_d, serial_undead_f, serial_undead_e,
          serial_undead_c, grunt_ministairs_12
D:4:      layout_loops_ring, lexackson_kobold_supper, uniq_crazy_yiuf_cottage,
          uniq_pikel, uniq_ijyb, uniq_robin
D:5:      layout_cave_pools, kennysheep_small_circle
D:6:      layout_basic, mainiacjoe_overflow_surrounded_room,
          minmay_temple_entry_junction, cheibrodos_sewer_entry_drain,
          serial_shops, shop, kennysheep_doodads
D:7:      layout_basic, nicolae_ru_path_of_blood, lemuel_coloured_pillars_altar,
          old_standard_altar, uniq_maggie, uniq_menkaure
D:8:      layout_rooms, mainiacjoe_overflow_concentric_impassable,
          mainiacjoe_overflow_paths, tgw_trog, worms_lemuel, uniq_grum
D:9:      layout_cave_pools, nicolae_qazlal_general_emergency, xom_teletrap_fun
D:10:     layout_gridville, elyvilon_altar_3, enter_bailey_2
D:11:     layout_stronghold, due_lair_maze_entry_diamond, david_orc_5,
          nicolae_transporter_circle
Lair:1:   layout_hall_layers, kennysheep_rathole
Lair:2:   layout_cave_pods, palyth_hydra_swamp_entry, serial_bayou_shore_b,
          lemuel_fruit_tree, grunt_megastairs_2
Lair:3:   layout_roguey, spider_nest_entry_web_field, gammafunk_ghost_icy,
          serial_bayou_lake_a, infiniplex_staircase_pool

Skill      XL: |  1  2  3  4  5  6  7  8  9 10 11 12 |
---------------+-------------------------------------+-----
Fighting       | 4 5 6 7 9 10 12 13 | 13.7
Armour         | 4 5 6 7 9 10 12 13 | 13.7
Axes           | 3 4 5 6 7 9 11 13 16 | 16.0
Shields        | 4 5 6 7 9 10 12 13 | 13.7

Action                   |  1- 3 |  4- 6 |  7- 9 | 10-12 | 13-15 || total
-------------------------+-------+-------+-------+-------+-------++-------
Melee: War axe           |    66 |   113 |   190 |       |       ||   369
       Headbutt          |     9 |    16 |    44 |   119 |       ||   188
       Broad axe         |       |       |    66 |   481 |       ||   547
       Punch             |       |       |     1 |       |       ||     1
Invok: Potion Petition   |       |       |       |     2 |       ||     2
       Call Merchant     |       |       |       |     1 |       ||     1
Evoke: Wand              |       |       |       |       |     1 ||     1
  Use: Scroll            |       |     4 |     7 |    16 |       ||    27
       Potion            |       |     2 |     6 |    15 |       ||    23
 Stab: Distracted        |       |       |     2 |     4 |       ||     6
       Invisible         |       |       |       |    10 |       ||    10
       Petrifying        |       |       |       |     1 |       ||     1
Armor: Scale mail        |    38 |    52 |   105 |    64 |       ||   259
       Plate armour      |       |       |       |   212 |     5 ||   217
       Skin              |       |       |       |     8 |       ||     8
Dodge: Dodged            |    26 |    55 |   118 |   189 |     1 ||   389
Block: Buckler           |    12 |    34 |    43 |   234 |     5 ||   328
       Reflection        |       |       |       |    12 |       ||    12

Table legend: (Time is in decaauts)
 A = Elapsed time spent in this place.
 B = Non-inter-level travel time spent in this place.
 C = Inter-level travel time spent in this place.
 D = Time resting spent in this place.
 E = Time spent auto-exploring this place.
 F = Levels seen in this place.
 G = Mean time per level.
                   A        B        C        D        E       F      G
               +--------+--------+--------+--------+--------+-----+--------+
         Total |  16281 |  15961 |    320 |   4609 |   8896 |  16 | 1017.6 |
       Dungeon |  11495 |  11224 |    271 |   3292 |   6201 |  11 | 1045.0 |
          Lair |   3914 |   3865 |     49 |   1031 |   2351 |   3 | 1304.7 |
         Sewer |    288 |    288 |      0 |      0 |    200 |   1 |  288.0 |
        Bailey |    584 |    584 |      0 |    285 |    144 |   1 |  584.0 |
               +--------+--------+--------+--------+--------+-----+--------+

Top non-repeatable levels by time:
  Lair:2: 2008 daAuts
     D:4: 1895 daAuts
     D:7: 1762 daAuts
    D:11: 1621 daAuts
     D:8: 1559 daAuts
  Lair:3: 1081 daAuts
     D:6: 929 daAuts
  Lair:1: 824 daAuts
     D:1: 773 daAuts
     D:3: 697 daAuts
    D:10: 692 daAuts
     D:5: 608 daAuts
  Bailey: 584 daAuts
     D:9: 572 daAuts
     D:2: 381 daAuts
